 Dungeon Crawl Stone Soup version 0.20.1-1-g8b1a95d (webtiles) character file.

2431 equalderp2856 the Cleaver (level 9, -9/78 HPs)
             Began as a Minotaur Fighter on Sept 6, 2017.
             Killed from afar by a raiju (14 damage)
             ... with a living lightning
             ... on level 1 of the Abyss on Sept 7, 2017.
             The game lasted 00:18:54 (7853 turns).

equalderp2856 the Cleaver (Minotaur Fighter)        Turns: 7853, Time: 00:18:54

Health: -9/78      AC: 16    Str: 22    XL:     9   Next: 24%
Magic:  8/8        EV:  4    Int:  6    God:
Gold:   208        SH: 16    Dex: 11    Spells: 8/8 levels left

rFire    + . .     SeeInvis .   a - +0 war axe
rCold    . . .     Gourm    .   u - +0 large shield
rNeg     . . .     Faith    .   r - +0 plate armour
rPois    .         Spirit   .   (helmet restricted)
rElec    .         Reflect  .   p - +1 cloak
rCorr    .         Harm     .   B - +0 pair of gloves
MR       .....                  (no boots)
Stlth    ..........             t - amulet of rage
Regen    0.0/turn               h - ring of protection from fire
MPRegen  0.2/turn               (no ring)

@: about to teleport, non-regenerating, diseased
A: retaliatory headbutt, horns 2
a: Evoke Berserk Rage


You were on level 1 of the Abyss.
You were very hungry.

You visited 1 branch of the dungeon, and saw 8 of its levels.
You visited the Abyss 1 time.

You collected 402 gold pieces.
You spent 194 gold pieces at shops.

Inventory:

Hand Weapons
 a - a +0 war axe (weapon)
 D - a +5 hand axe
 F - a +0 spear
Armour
 b - a +0 scale mail
 c - a +0 shield
 p - a +1 cloak (worn)
 r - a +0 plate armour (worn)
 u - a +0 large shield (worn)
 y - a +0 troll leather armour {Purgy}
 B - a +0 pair of gloves (worn)
 J - +0 acid dragon scales
 M - a -2 scale mail
Jewellery
 h - a ring of protection from fire (left hand)
 t - an amulet of rage (around neck)
 G - an uncursed ring of fire
 L - the ring "Pioxt" {rPois MR++ Str-4 Dex+2 Stlth+}
   (You found it on level 7 of the Dungeon)

   [ring of poison resistance]

   It affects your strength (-4).
   It affects your dexterity (+2).
   It protects you from poison.
   It affects your resistance to hostile enchantments.
   It makes you more stealthy.
Wands
 w - a wand of confusion (26/48)
 I - a wand of paralysis (15/24)
Scrolls
 g - 3 scrolls of immolation
 j - 2 scrolls of noise {unknown}
 k - 7 scrolls of identify
 l - 4 scrolls of remove curse
 m - 3 scrolls of amnesia
 n - 2 scrolls of magic mapping {unknown}
 o - 2 scrolls of fear {unknown}
 q - 3 scrolls of teleportation
 x - 3 scrolls of enchant weapon
 A - 2 scrolls of fog
 K - a scroll of blinking {unknown}
 N - a scroll of summoning {unknown}
Potions
 d - 2 potions of might
 e - 3 potions of mutation
 z - a potion of brilliance
Books
 v - a book of Changes

   Spells                             Type                      Level
   a - Beastly Appendage              Transmutation                1
   b - Sticks to Snakes               Transmutation                2
   c - Spider Form                    Transmutation/Poison         3
   d - Ice Form                       Ice/Transmutation            4
   e - Blade Hands                    Transmutation                5
Comestibles
 f - 4 bread rations
 s - 3 meat rations
 H - a royal jelly


   Skills:
 + Level 6.8 Fighting
 + Level 9.6 Axes
 + Level 7.1 Armour
 + Level 1.2 Dodging
 + Level 0.6 Stealth
 + Level 8.5 Shields


You had 8 spell levels left.
You didn't know any spells.

Dungeon Overview and Level Annotations

Branches:
Dungeon (8/15)             Temple (0/1) D:5
   Lair: D:8-11

Altars:
Ashenzari
Dithmenos
Elyvilon
Fedhas
Nemelex Xobeh
Uskayaw
Yredelemnul
Zin
The Shining One

Shops:
D:3 *   D:5 ?

Annotations:
D:6 2 transporters
D:7 Psyche


Innate Abilities, Weirdness & Mutations

You reflexively headbutt those who attack you in melee.
You have a pair of horns on your head.


Message History

The raiju is severely wounded.
You hit the ancient zyme but do no damage.
The ancient zyme hits you but does no damage.
You block the ancient zyme's attack.
You feel ill. The raiju bites you but does no damage.
The ancient zyme hits you.
* * * LOW HITPOINT WARNING * * *
The ancient zyme barely misses you.
Unknown command.
You closely miss the raiju.
You headbutt the raiju, but do no damage.
The raiju is severely wounded.
The raiju bites you but does no damage.
The worldbinder calls forth creatures from the Crypt!
Unknown command.
You hit the raiju. You headbutt the raiju.
The raiju is almost dead.
You slash the ancient zyme!
The raiju bursts into living lightning!
The living lightning hits you!
You die...

##... .# #..#.#
.. #.## #.#.#
#..#
..♣♣#♣♣≈≈♣#♣...##
♣...........#....
♣.♣......... ...
. ♣xhxW......§...
♣@#..%W.... ....
. #...♣# W.......
.. .
#..♣♣...h.....
..... #.♣.
♣......... ... ..
# ♣ .#........ ..
. .
♣♣............ ..
.......... . ...
. .♣♣ ..
#####..... .
♣..## #.# .


You could see an ancient zyme, a worldbinder, a raiju and a wraith.

Vanquished Creatures
  A hippogriff (D:7)
  Edmund (D:5)
  An acid dragon (D:7)
  Purgy (D:4)
  2 ice beasts (D:7)
  An orc warrior (D:7)
  3 ogres
  A centaur (D:7)
  A big kobold (D:7)
  A bullfrog (D:7)
  5 killer bees (D:7)
  3 wights (D:6)
  4 crimson imps
  A centaur zombie (D:7)
  A centaur skeleton (D:6)
  A bullfrog zombie (D:6)
  A hound (D:4)
  A gnoll shaman (D:6)
  3 iguanas
  An orc wizard (D:3)
  3 worker ants
  A hound zombie (D:6)
  A worker ant zombie (D:7)
  Robin (D:2)
  2 howler monkey skeletons
  9 adders
  7 gnolls
  3 shadow imps
  4 oozes
  An adder zombie (D:5)
  4 adder skeletons
  7 worms
  5 leopard geckos
  14 orcs
  3 giant cockroaches
  8 goblins
  8 hobgoblins
  9 jackals
  2 quokkas
  2 ball pythons
  9 bats
  2 frilled lizards
  3 goblin skeletons (D:6)
  2 hobgoblin zombies (D:6)
  9 kobolds
  2 kobold skeletons (D:6)
  2 kobold zombies (D:6)
  2 orc skeletons (D:6)
  An orc zombie (D:6)
  A quokka skeleton (D:7)
  7 rats
168 creatures vanquished.

Notes
Turn   | Place    | Note
-------+----------+-------------------------------------------
     0 | D:1      | equalderp2856 the Minotaur Fighter began the quest for the Orb.
     0 | D:1      | Reached XP level 1. HP: 19/19 MP: 0/0
   106 | D:1      | Found a shattered altar of Ashenzari.
   140 | D:1      | Reached XP level 2. HP: 27/27 MP: 1/1
   288 | D:1      | Reached skill level 3 in Axes
   955 | D:2      | Noticed Robin
   960 | D:2      | Reached XP level 3. HP: 29/33 MP: 2/2
   965 | D:2      | Killed Robin
  1630 | D:2      | Reached XP level 4. HP: 37/40 MP: 3/3
  2060 | D:3      | Found Zin's Purification Station.
  2063 | D:3      | Found a glowing silver altar of Zin.
  2340 | D:3      | Noticed an ogre
  2345 | D:3      | Killed an ogre
  2345 | D:3      | Reached skill level 4 in Axes
  2345 | D:3      | Reached XP level 5. HP: 47/47 MP: 4/4
  2578 | D:3      | Reached skill level 5 in Shields
  3109 | D:4      | Found a hide-covered altar of Uskayaw.
  3369 | D:4      | Reached XP level 6. HP: 51/53 MP: 5/5
  3421 | D:4      | Noticed Purgy
  3441 | D:4      | Killed Purgy
  3441 | D:4      | Reached skill level 5 in Axes
  3441 | D:4      | Reached skill level 5 in Armour
  3740 | D:4      | Reached skill level 5 in Fighting
  3754 | D:4      | Found a blossoming altar of Fedhas.
  3880 | D:5      | Entered Level 5 of the Dungeon
  3880 | D:5      | Found Ibla's Magic Scroll Shoppe.
  3881 | D:5      | Found a white marble altar of Elyvilon.
  3881 | D:5      | Noticed Edmund
  3897 | D:5      | Killed Edmund
  3897 | D:5      | Reached XP level 7. HP: 50/61 MP: 6/6
  3963 | D:5      | Reached skill level 6 in Axes
  3974 | D:5      | Bought a scroll of fog for 26 gold pieces
  3974 | D:5      | Bought a scroll of amnesia for 45 gold pieces
  3974 | D:5      | Bought a scroll of enchant weapon for 97 gold pieces
  4174 | D:5      | Found a staircase to the Ecumenical Temple.
  4592 | D:5      | Bought a scroll of identify for 26 gold pieces
  4771 | D:6      | Reached skill level 7 in Axes
  4771 | D:6      | Reached skill level 1 in Dodging
  4897 | D:6      | Found a transporter.
  4998 | D:6      | Found a transporter.
  5002 | D:6      | Paralysed by fainting for 12 turns
  5200 | D:6      | Found a glowing golden altar of the Shining One.
  5280 | D:6      | Reached XP level 8. HP: 69/69 MP: 7/7
  5386 | D:6      | Found a shadowy altar of Dithmenos.
  5620 | D:6      | Found a basalt altar of Yredelemnul.
  5879 | D:7      | Noticed a hippogriff
  5888 | D:7      | Killed a hippogriff
  5888 | D:7      | Reached skill level 8 in Axes
  6306 | D:7      | Got a heavily runed lead ring
  6394 | D:7      | Identified the ring "Pioxt" {rPois MR++ Str-4 Dex+2 Stlth+} (You found it on level 7 of the Dungeon)
  6524 | D:7      | Reached skill level 9 in Axes
  6567 | D:7      | Reached XP level 9. HP: 61/78 MP: 8/8
  6598 | D:7      | Found a sparkling altar of Nemelex Xobeh.
  6752 | D:7      | HP: 3/78 [poisoned by a killer bee]
  7513 | D:8      | Noticed Psyche
  7827 | D:7      | Cast into level 1 of the Abyss (Psyche)
  7843 | Abyss:1  | Noticed an ancient zyme
  7845 | Abyss:1  | Noticed a worldbinder
  7853 | Abyss:1  | Killed from afar by a raiju

Skill      XL: |  1  2  3  4  5  6  7  8  9 |
---------------+----------------------------+-----
Axes           | 3 4 5 7 9 |  9.6
Fighting       | 4 5 6 |  6.8
Armour         | 4 5 6 7 |  7.1
Shields        | 4 5 6 8 |  8.5
Dodging        | 1 |  1.2
Stealth        | |  0.6

Action                   |  1- 3 |  4- 6 |  7- 9 || total
-------------------------+-------+-------+-------++-------
Melee: War axe           |    69 |   196 |   268 ||   533
       Headbutt          |    12 |    43 |    63 ||   118
       Hand axe          |       |       |    50 ||    50
  Use: Scroll            |     1 |       |     8 ||     9
       Potion            |     1 |       |     6 ||     7
  Eat: Chunk             |     1 |     8 |     8 ||    17
       Bread ration      |       |       |     1 ||     1
Armor: Scale mail        |    23 |       |       ||    23
       Plate armour      |       |   139 |   199 ||   338
Dodge: Dodged            |    21 |    29 |    29 ||    79
Block: Shield            |    34 |    65 |       ||    99
       Large shield      |       |    69 |   305 ||   374
